 Dungeon Crawl Stone Soup version 0.28.0-43-g3370ac3207 (webtiles) character file.

Game seed: 8416732144513208747

5562 mortz the Destroyer (level 10, -8/77 HPs)
             Began as a Grey Draconian Conjurer on Mar 4, 2022.
             Was a Believer of Vehumet.
             Asphyxiated
             ... on level 10 of the Dungeon.
             The game lasted 01:23:17 (14164 turns).

mortz the Destroyer (Grey Draconian Conjurer)      Turns: 14164, Time: 01:23:17

Health: -8/77      AC: 18    Str: 11    XL:     10   Next: 44%
Magic:  19/23      EV: 13    Int: 18    God:    Vehumet [**....]
Gold:   194        SH:  0    Dex: 11    Spells: 16/27 levels left

rFire   x . .      SeeInvis .   C - +7 short sword of Suiku {flame, rPois rF- rC+++ Int-2, short}
rCold   + + +      Faith    .   (no shield)
rNeg    . . .      Spirit   .   (armour unavailable)
rPois   +          Reflect  .   K - +2 hat
rElec   .          Harm     .   r - +0 cloak
rCorr   .          Rampage  .   e - +1 pair of gloves
Will    .....                   D - +0 pair of boots
Stlth   ++........              (no amulet)
HPRegen 0.22/turn               (no ring)
MPRegen 0.18/turn               (no ring)

@: lethally poisoned (-8 -> -11), slowed, very slow
A: AC +12, amphibious, unfitting armour, cold-blooded
a: Renounce Religion


You were on level 10 of the Dungeon.
You worshipped Vehumet.
Vehumet was pleased with you.
You visited 2 branches of the dungeon, and saw 11 of its levels.

You collected 357 gold pieces.
You spent 163 gold pieces at shops.


Innate Abilities, Weirdness & Mutations

Your dull iron-grey scales are very hard. (AC +12)
You are amphibious.
You cannot fit into any form of body armour.
You are cold-blooded and may be slowed by cold attacks.


   Skills:
 + Level 3.0 Fighting
 + Level 5.1 Short Blades
 + Level 1.0 Throwing
 + Level 4.2 Dodging
 + Level 4.4 Stealth
 + Level 9.0 Spellcasting
 + Level 9.4 Conjurations
 + Level 3.5 Earth Magic


You had 16 spell levels left.
You knew the following spells:

 Your Spells              Type           Power      Damage    Failure   Level
a - Magic Dart            Conj           100%       1d8       1%          1
b - Searing Ray           Conj           82%        2d7       1%          2
c - Dazzling Flash        Conj/Hex       50%        N/A       3%          3
d - Iskenderun's Mystic   Conj/Tloc      25%        2d7       13%         4
e - Sandblast             Erth           40%        2d10      1%          1

Your spell library contained the following spells:

 Spells                   Type           Power      Damage    Failure   Level
 Shock                    Conj/Air       100%       1d9       1%          1
 Apportation              Tloc           16%        N/A       9%          1
 Slow                     Hex            32%        N/A       9%          1
 Sting                    Tmut/Pois      32%        1d4       9%          1
 Blink                    Tloc           16%        N/A       13%         2
 Poisonous Vapours        Pois/Air       16%        N/A       13%         2
 Fulminant Prism          Conj/Hex       12%        3d9       13%         4
 Confusing Touch          Hex            8%         N/A       26%         3
 Gell's Gravitas          Tloc           8%         N/A       26%         3
 Lesser Beckoning         Tloc           8%         N/A       26%         3
 Teleport Other           Tloc           8%         N/A       26%         3
 Vampiric Draining        Necr           8%         2d6       26%         3
 Olgreb's Toxic Radiance  Pois           8%         N/A       65%         4
 Conjure Ball Lightning   Conj/Air       12%        3x3d6     89%         6
 Alistair's Intoxication  Tmut/Pois      5%         N/A       94%         5
 Manifold Assault         Tloc           8%         N/A       94%         5
 Storm Form               Tmut/Air       4%         N/A       100%        7
 Discord                  Hex            4%         N/A       100%        8
 Disjunction              Tloc           4%         N/A       100%        8

Inventory:

Hand Weapons
 c - a +0 falchion {long}
   (You took it off an orc on level 6 of the Dungeon)
 i - a +3 great sword {long}
   (You took it off a wight on level 8 of the Dungeon)
 t - a +2 dagger of draining {short}
   (You took it off a kobold on level 4 of the Dungeon)
 w - a +1 dagger of venom {short}
   (You took it off a kobold brigand on level 4 of the Dungeon)
 C - the +7 short sword of Suiku (weapon) {flame, rPois rF- rC+++ Int-2, short}
   (You found it on level 6 of the Dungeon)

   It burns those it strikes, dealing additional fire damage.
   Int:       It affects your intelligence (-2).
   rF:        It makes you vulnerable to fire.
   rC:        It renders you almost immune to cold.
   rPois:     It protects you from poison.
 G - a +2 whip of holy wrath {mace}
   (You took it off an orc on level 7 of the Dungeon)
 H - a +0 dagger of freezing {short}
   (You took it off an orc on level 7 of the Dungeon)
Missiles
 b - 233 stones (quivered) {throwing}
 g - 9 boomerangs {throwing}
 v - 13 poisoned darts {throwing}
 E - 4 atropa-tipped darts {throwing}
Armour
 e - a +1 pair of gloves (worn)
   (You found it on level 4 of the Dungeon)
 r - a +0 cloak (worn)
   (You bought it in a shop on level 2 of the Dungeon)
 D - a +0 pair of boots (worn)
   (You found it on level 6 of the Dungeon)
 K - a +2 hat (worn)
   (You found it on level 9 of the Dungeon)
Jewellery
 p - an amulet of guardian spirit
   (You found it on level 3 of the Dungeon)
 N - an amulet of faith {!P}
   (You found it on level 9 of the Dungeon)
Wands
 k - a wand of flame (18)
   (You found it on level 6 of the Dungeon)
 z - a wand of iceblast (3)
   (You found it on level 6 of the Dungeon)
 F - a wand of polymorph (6)
   (You found it on level 7 of the Dungeon)
 J - a wand of paralysis (8)
   (You found it on level 8 of the Dungeon)
Scrolls
 d - a scroll of blinking {!r}
 f - a scroll of summoning {unknown}
 h - a scroll of fear
 j - 2 scrolls of magic mapping {!r}
 o - 3 scrolls of teleportation {@r4}
 u - 3 scrolls of fog {unknown}
 y - 3 scrolls of amnesia
 B - a scroll of torment {unknown}
 L - a scroll of acquirement {unknown}
 M - a scroll of immolation {unknown}
 O - a scroll of brand weapon {unknown}
Potions
 a - a potion of berserk rage {unknown}
 l - 4 potions of curing {@q1}
 m - a potion of lignification {unknown}
 n - 4 potions of mutation {!q}
 q - 2 potions of invisibility {unknown}
 s - 3 potions of heal wounds {unknown}
 x - 3 potions of attraction {unknown}
 I - a potion of haste {@q3}
 P - a potion of ambrosia {unknown}

Dungeon Overview and Level Annotations

Branches:
Dungeon (10/15)            Temple (1/1) D:5            Lair (0/6) D:8
    Orc: D:9-12

Altars:
Ashenzari
Cheibriados
Dithmenos
Elyvilon
Fedhas
Gozag
Hepliaklqana
Kikubaaqudgha
Makhleb
Okawaru
Qazlal
Ru
Sif Muna
Trog
Uskayaw
Vehumet
Wu Jian
Xom
Yredelemnul
Zin
The Shining One

Shops:
D:1 (   D:2 [   D:8 *?!([   D:9 (

Annotations:
D:3 1 runed translucent door, Icepheonix32's ghost, amateur TeFE
D:4 3 runed translucent doors, Woods's ghost, amateur DEIE
D:5 Dowan; Duvessa; Pikel
D:10 Sonja

#.# #.########.# #.# #....).....#
#.#####.########.## ##
#########......##....###..## ##..
...............#((.....##..##....
..............##.♣♣♣....#))#....♣
..............#.)..♣♣♣.)'##'.)♣
..............#......♣♣).§§).♣♣
..............#.@._...♣..≈≈..♣
..............#......♣♣..≈§§.♣
..............#.K..♣♣♣..####..♣
#########.....##.♣♣♣....# ....
#......#.......## #...
#.#######....### ##.. #.# #####
## #.# #.#


You could see Sonja.


Message History

Aim: Sonja, wielding a +4 short sword of distortion and quivering curare-tipped darts (2% to hit)
You throw a curare-tipped dart {=fthrowing}.
The curare-tipped dart {=fthrowing} completely misses Sonja.
Sonja shouts, "Some dancing partner you are!"
Sonja throws a curare-tipped dart.
The curare-tipped dart hits you.
You are poisoned.
You have difficulty breathing.
You feel yourself slow down. 😕 HP[-12]
You take 12 damage, and now have 65/77 hp.
Casting: Searing Ray (safe; 1% risk of failure)
Confirm with . or Enter, or press ? or * to list all spells.
You can't see any susceptible monsters within range! (Use Z to cast anyway.) Unknown command.
Throw: dart (curare) {=fthrowing}
Press: ? - help, Q - select action, (/) - cycle Shift-Dir - straight line, f/p - Sonja
Aim: Sonja, wielding a +4 short sword of distortion and quivering curare-tipped darts (2% to hit)
You throw a curare-tipped dart {=fthrowing}.
The curare-tipped dart {=fthrowing} closely misses Sonja.
You feel very sick.
Sonja throws a curare-tipped dart.
The curare-tipped dart barely misses you.
Sonja throws a curare-tipped dart.
The curare-tipped dart hits you.
You are more poisoned.
You have difficulty breathing.
You feel as though you will be slow longer. 😮 HP[-13]
You take 13 damage, and now have 52/77 hp.
Aiming: Paralyse
Press: ? - help, Q - select action, (/) - cycle Shift-Dir - straight line, f/p - Sonja
Aim: Sonja, wielding a +4 short sword of distortion and quivering curare-tipped darts (chance to affect: 57%) Sonja resists with significant effort.
You feel extremely sick.
Sonja throws a curare-tipped dart.
The curare-tipped dart hits you.
You have difficulty breathing.
* * * LOW HITPOINT WARNING * * *
You feel as though you will be slow longer. 😨 HP[-16]
You take 16 damage, and now have 36/77 hp.
MASSIVE DAMAGE!! (PAUSE)
As you read the scroll of fear, it crumbles to dust.
You assume a fearsome visage.
Sonja looks frightened!
You feel extremely sick.
Sonja casts a spell.
Sonja blinks!
Sonja mumbles some strange words.
Sonja blinks! 😨 HP[-8]
You take 8 damage, and now have 28/77 hp.
Casting: Searing Ray (safe; 1% risk of failure)
Confirm with . or Enter, or press ? or * to list all spells.
Aiming: Searing Ray (safe; 1% risk of failure)
Press: ? - help, Shift-Dir - straight line, f/p - Sonja
Aim: Sonja, wielding a +4 short sword of distortion and quivering curare-tipped darts (fleeing, 50% to hit)
Okay, then.
Casting: Searing Ray (safe; 1% risk of failure)
Confirm with . or Enter, or press ? or * to list all spells.
You don't know that spell.
Unknown command.
Casting: Searing Ray (safe; 1% risk of failure)
Confirm with . or Enter, or press ? or * to list all spells.
Aiming: Sandblast (safe; 1% risk of failure)
Press: ? - help, Shift-Dir - straight line, f/p - Sonja
Aim: Sonja, wielding a +4 short sword of distortion and quivering curare-tipped darts (fleeing, 47% to hit)
The blast of sand hits Sonja!
Your attack snaps Sonja out of her fear.
b - 233 stones {throwing} You feel very sick.
Sonja throws a curare-tipped dart.
The curare-tipped dart closely misses you. 😨 HP[-5] MP[-1]
You take 5 damage, and now have 23/77 hp.
You lost 1 mp, and now have 22/23 mp.
You feel very sick. Sonja hits you but does no damage. Space warps around you.
* * * LOW HITPOINT WARNING * * *
Sonja completely misses you. Sonja barely misses you. 😱 HP[-7]
You take 7 damage, and now have 16/77 hp.
You feel very sick. Sonja closely misses you. x2
Sonja hits you with a +4 short sword of distortion!
* * * LOW HITPOINT WARNING * * *
You blink. 😱 HP[-10]
You take 10 damage, and now have 6/77 hp.
Casting: Sandblast (safe; 1% risk of failure)
Confirm with . or Enter, or press ? or * to list all spells.
Aiming: Searing Ray (safe; 1% risk of failure)
Press: ? - help, Shift-Dir - straight line, f/p - Sonja
Aim: Sonja, wielding a +4 short sword of distortion and quivering curare-tipped darts (heavily wounded, 50% to hit)
Okay, then.
Casting: Searing Ray (safe; 1% risk of failure)
Confirm with . or Enter, or press ? or * to list all spells.
You erupt in a blast of force!
The mystic blast hits Sonja!
Sonja is knocked back by the mystic blast.
* * * LOW HITPOINT WARNING * * *
You feel sick.
Sonja throws a curare-tipped dart.
The curare-tipped dart hits you.
You have difficulty breathing.
You die...

Skill      XL: |  1  2  3  4  5  6  7  8  9 10 |
---------------+-------------------------------+-----
Conjurations   | 5 6 7 8 9 |  9.4
Stealth        | 2 3 4 |  4.4
Dodging        | 2 3 4 |  4.2
Spellcasting   | 3 4 5 6 8 9 |  9.0
Short Blades   | 1 3 4 5 |  5.1
Fighting       | 1 2 3 |  3.0
Earth Magic    | 1 3 |  3.5
Throwing       | 1 |  1.0

Action                   |  1- 3 |  4- 6 |  7- 9 | 10-12 || total
-------------------------+-------+-------+-------+-------++-------
Melee: Dagger            |     7 |       |     1 |       ||     8
       Short sword       |     1 |     2 |    32 |     1 ||    36
       Tailslap          |       |       |     6 |       ||     6
       Punch             |       |       |     1 |       ||     1
Throw: Dart              |       |       |       |     7 ||     7
 Cast: Magic Dart        |    70 |    91 |   135 |    30 ||   326
       Searing Ray       |     5 |    26 |    75 |    28 ||   134
       Sandblast         |       |       |    17 |     6 ||    23
       Iskenderun's Myst |       |       |     1 |     1 ||     2
Evoke: Wand              |       |       |       |     1 ||     1
  Use: Scroll            |       |     5 |     8 |     1 ||    14
Armor: Skin              |     5 |     6 |    72 |    15 ||    98
Dodge: Dodged            |     5 |    22 |    95 |    28 ||   150

Levels and vault maps discovered:
D:1:      lightli_arrival_maybe_door_vault, layout_loops_ring, serial_shops,
          shop
D:2:      layout_basic, ebering_ecumenical_altar_hall, serial_shops,
          nicolae_shop_advertising_works [nicolae_subvault_shop_adworks]
D:3:      layout_loops_ring, hellmonk_ghost_happy_afterlife
D:4:      cheibrodos_thug_alley, layout_cave_pools,
          nicolae_uskayaw_murder_on_the_dancefloor, gammafunk_ghost_necromancy
D:5:      layout_gridville, amethyst_overflow_temple_binary,
          minmay_temple_entry_glassed_door, uniq_ijyb, uniq_duvessa, uniq_pikel
D:6:      layout_basic
D:7:      layout_basic
D:8:      layout_rooms, mainiacjoe_overflow_cross_hatched,
          erik_lair_orcish_takeover, serial_shops, nicolae_shop_behind_doors,
          nicolae_inconvenience_store, shop, nicolae_lakefront_shop,
          nicolae_shop_waterfront, abandoned_shop, grunt_ministairs_13
D:9:      layout_loops_ring, serial_shops, nicolae_take_the_stairs
D:10:     minmay_stone_box, layout_small_grid, mainiacjoe_overflow_two_lobes,
          uniq_sonja
Temple:   nicolae_temple_x_marks_the_god

Notes
Turn   | Place    | Note
-------+----------+-------------------------------------------
     0 | D:1      | mortz the Draconian Conjurer began the quest for the Orb.
     0 | D:1      | Reached XP level 1. HP: 14/14 MP: 3/3
     0 | D:1      | magus.rc [v1.9.6]
   256 | D:1      | Reached XP level 2. HP: 20/20 MP: 3/5
   405 | D:1      | Found Luluwn's Antique Weapon Emporium.
   935 | D:1      | Learned a level 2 spell: Searing Ray
   948 | D:1      | Reached XP level 3. HP: 26/26 MP: 1/6
  1116 | D:2      | Found Xosk's Armour Emporium.
  1589 | D:2      | Reached skill level 5 in Conjurations
  1646 | D:2      | Found a faded altar of an unknown god.
  1656 | D:2      | Reached skill level 2 in Stealth
  1810 | D:3      | Found a runed translucent door.
  1810 | D:3      | Noticed Icepheonix32's ghost (amateur TeFE)
  1850 | D:3      | Reached XP level 4. HP: 33/33 MP: 3/7
  1969 | D:3      | Reached skill level 2 in Dodging
  2127 | D:3      | Reached XP level 5. HP: 38/38 MP: 0/9
  2537 | D:3      | Reached skill level 3 in Spellcasting
  2625 | D:3      | You pick up a book of Debilitation and begin reading...
  2625 | D:3      | You add the spells Slow, Vampiric Draining and Confusing
                  | Touch to your library.
  2630 | D:3      | Learned a level 3 spell: Dazzling Flash
  3242 | D:2      | Bought a +0 cloak for 45 gold pieces
  3503 | D:4      | Found a runed translucent gate.
  3504 | D:4      | Found a runed translucent gate.
  3506 | D:4      | Found a runed translucent gate.
  3507 | D:4      | Noticed Woods's ghost (amateur DEIE)
  3570 | D:4      | Reached skill level 6 in Conjurations
  3660 | D:4      | Reached XP level 6. HP: 45/45 MP: 5/11
  3716 | D:4      | Found a hide-covered altar of Uskayaw.
  3964 | D:4      | You add the spells Blink, Manifold Assault and Storm Form
                  | to your library.
  3998 | D:4      | Reached skill level 4 in Spellcasting
  4678 | D:5      | Entered Level 5 of the Dungeon
  4718 | D:5      | Found a staircase to the Ecumenical Temple.
  4730 | Temple   | Entered the Ecumenical Temple
  4779 | Temple   | Became a worshipper of Vehumet
  4828 | D:5      | Noticed Duvessa
  4927 | D:5      | Your scales start taking on a dull iron-grey colour.
  4927 | D:5      | Reached XP level 7. HP: 50/50 MP: 5/14
  5018 | D:5      | Reached skill level 5 in Spellcasting
  5495 | D:5      | Noticed Dowan
  5549 | D:5      | Found a burning altar of Makhleb.
  5549 | D:5      | Found an ornate altar of the Wu Jian Council.
  5584 | D:5      | Noticed Pikel
  5745 | D:5      | Reached skill level 3 in Stealth
  5939 | D:6      | Reached skill level 7 in Conjurations
  6307 | D:6      | Learned a level 4 spell: Iskenderun's Mystic Blast
  6314 | D:6      | Noticed a steam dragon
  6326 | D:6      | Killed a steam dragon
  6327 | D:6      | Reached skill level 1 in Short Blades
  6327 | D:6      | Reached XP level 8. HP: 30/58 MP: 7/16
  6596 | D:6      | Reached skill level 6 in Spellcasting
  6704 | D:6      | Reached skill level 1 in Fighting
  6820 | D:6      | Reached skill level 2 in Short Blades
  7012 | D:6      | Reached skill level 3 in Dodging
  7483 | D:6      | Identified the +7 short sword of Suiku {flame, rPois rF-
                  | rC+++ Int-2}
  7538 | D:6      | Reached skill level 8 in Conjurations
  7647 | D:6      | Reached skill level 3 in Short Blades
  7850 | D:7      | HP: 13/59 [centaur/arrow (7)]
  7855 | D:7      | Reached XP level 9. HP: 10/67 MP: 17/19
  7856 | D:7      | HP: 6/67 [centaur (5)]
  8189 | D:7      | Noticed a komodo dragon
  8235 | D:7      | HP: 6/67 [komodo dragon (20)]
  8554 | D:7      | You pick up a book of Displacement and begin reading...
  8554 | D:7      | You add the spells Lesser Beckoning, Gell's Gravitas and
                  | Teleport Other to your library.
  8699 | D:7      | Reached skill level 7 in Spellcasting
  8732 | D:7      | Reached * piety under Vehumet
  8732 | D:7      | Offered knowledge of Sandblast by Vehumet.
  8735 | D:7      | Learned a level 1 spell: Sandblast
  8815 | D:7      | Reached skill level 2 in Fighting
  8815 | D:7      | Reached skill level 4 in Stealth
  9898 | D:8      | Reached skill level 4 in Short Blades
  9985 | D:8      | Found Woq Jyth's Magic Scroll Shop.
 10021 | D:8      | Bought a scroll of fear for 45 gold pieces
 10057 | D:8      | Found Fudad's Distillery.
 10065 | D:8      | Bought a potion of curing for 45 gold pieces
 10071 | D:8      | Found Tees's General Store.
 10125 | D:8      | Bought a scroll of identify for 28 gold pieces
 10227 | D:8      | Reached skill level 1 in Earth Magic
 10855 | D:8      | Reached skill level 4 in Dodging
 10932 | D:7      | HP: 13/68 [komodo dragon (24)]
 10944 | D:8      | HP: 14/68 [orc/+0 club (1)]
 11448 | D:7      | >>Komodo dragon
 11469 | D:8      | You add the spells Sting, Poisonous Vapours and Olgreb's
                  | Toxic Radiance to your library.
 11492 | D:8      | Offered knowledge of Shock by Vehumet.
 11601 | D:8      | Reached ** piety under Vehumet
 11602 | D:8      | Reached skill level 8 in Spellcasting
 11607 | D:8      | HP: 17/68 [orc priest/divine providence (14)]
 11931 | D:8      | Found a staircase to the Lair.
 12053 | D:8      | Reached skill level 9 in Conjurations
 12053 | D:8      | Reached XP level 10. HP: 72/74 MP: 12/22
 12121 | D:8      | Reached skill level 2 in Earth Magic
 12163 | D:8      | Found Yzakyt's Armour Boutique.
 12242 | D:8      | Found an iron altar of Okawaru.
 12333 | D:8      | Found Ymugoqey's Antique Weapon Emporium.
 12520 | D:9      | You pick up a book of Party Tricks and begin reading...
 12520 | D:9      | You add the spells Apportation and Alistair's Intoxication
                  | to your library.
 12525 | D:9      | Found Fapsirphirpheph's Weapon Emporium.
 12557 | D:9      | Noticed a two-headed ogre
 12565 | D:9      | Reached skill level 5 in Short Blades
 13080 | D:9      | Killed a two-headed ogre
 13476 | D:9      | Reached skill level 3 in Earth Magic
 13620 | D:9      | Reached skill level 3 in Fighting
 13779 | D:10     | Entered Level 10 of the Dungeon
 13861 | D:10     | You pick up a book of Chaos and begin reading...
 13861 | D:10     | You add the spells Conjure Ball Lightning, Disjunction and
                  | Discord to your library.
 13971 | D:10     | Reached skill level 1 in Throwing
 14003 | D:10     | Reached skill level 9 in Spellcasting
 14145 | D:10     | Found a shimmering blue altar of Sif Muna.
 14151 | D:10     | Noticed Sonja
 14162 | D:10     | HP: 16/77 [Sonja/+4 short sword of distortion (5)]
 14163 | D:10     | HP: 6/77 [Sonja/+4 short sword of distortion (7)]
 14164 | D:10     | Asphyxiated

Vanquished Creatures
  A two-headed ogre (D:9)
  A kobold demonologist (D:9)
  A shadow (D:9)
  A steam dragon (D:6)
  3 wargs
  A water moccasin (D:7)
  4 orc warriors
  An ice beast (D:6)
  3 sky beasts
  A necrophage (D:6)
  2 ogres
  2 centaurs
  4 kobold brigands
  A lemure (D:4)
  A phantom (D:5)
  2 wyvern zombies (D:6)
  2 gnoll sergeants
  4 scorpions
  A water moccasin zombie (D:7)
  A water moccasin skeleton (D:5)
  3 killer bees (D:8)
  12 wights
  4 howler monkeys
  An electric eel (D:8)
  A jelly (D:4)
  2 hounds (D:7)
  A centaur skeleton (D:7)
  9 orc priests
  A gnoll shaman (D:9)
  3 iguanas
  6 orc wizards
  2 hound skeletons (D:4)
  15 gnolls
  A howler monkey skeleton (D:6)
  8 adders
  A white imp (D:7)
  An adder skeleton (D:4)
  5 worms
  A dart slug (D:4)
  30 orcs
  4 ball pythons
  9 endoplasms
  6 giant cockroaches
  3 goblins
  12 hobgoblins
  10 jackals
  6 quokkas
  A bat (D:1)
  4 frilled lizards (D:1)
  21 kobolds
  4 rats
224 creatures vanquished.

Vanquished Creatures (others)
  A plant (D:8)
1 creature vanquished.

Grand Total: 225 creatures vanquished

Table legend:
 A = Non-vault XP
 B = Vault XP
 C = Vault XP percentage of total XP
 D = Non-vault monster count
 E = Vault monster count
 F = Vault count percentage of total count
                 A         B        C        D         E       F
            +---------+---------+-------+---------+---------+-------
      Total |    6556 |    1391 |  17.5 |     196 |      27 |  12.1
            +---------+---------+-------+---------+---------+-------
        D:1 |      41 |       0 |   0.0 |      24 |       0 |   0.0
        D:2 |      48 |       0 |   0.0 |      16 |       0 |   0.0
        D:3 |     165 |       0 |   0.0 |      24 |       0 |   0.0
        D:4 |     232 |     214 |  48.0 |      30 |       9 |  23.1
        D:5 |     417 |       0 |   0.0 |       9 |       0 |   0.0
        D:6 |    1597 |       0 |   0.0 |      29 |       0 |   0.0
        D:7 |     913 |     168 |  15.5 |      18 |       2 |  10.0
        D:8 |    1025 |    1009 |  49.6 |      22 |      16 |  42.1
        D:9 |    1838 |       0 |   0.0 |      16 |       0 |   0.0
       D:10 |     280 |       0 |   0.0 |       8 |       0 |   0.0
            +---------+---------+-------+---------+---------+-------

Illustrated notes

###.#..#.# #.# #......#.# #.#
#.#.#..#.# #.# #.#......# #.####
#.#..#...#####.....
##..................
#.........########## #.)#......#
#. #..@......# #. #.........# #.
#.........#########.
#...................
##############..####..###########
..[......................[..#
.##############..##########.#####
.# #........>................# .#
#.....................###.#


Turn 11448 on D:7: Komodo dragon

Table legend:
 A = Kills in this place as a percentage of kills in entire the game.
 B = Kills by you in this place as a percentage of kills by you in the entire game.
 C = Kills by friends in this place as a percentage of kills by friends in the entire game.
 D = Other kills in this place as a percentage of other kills in the entire game.
 E = Experience gained in this place as a percentage of experience gained in the entire game.
 F = Experience gained in this place divided by the number of levels of this place that you have seen.
                   A       B       C       D       E      F
               +-------+-------+-------+-------+-------+----------------------
         Total | 100.0 | 100.0 |   N/A |   N/A | 100.0 | 722.5
       Dungeon | 100.0 | 100.0 |   N/A |   N/A | 100.0 | 794.7
               +-------+-------+-------+-------+-------+----------------------

Table legend: (Time is in decaauts)
 A = Elapsed time spent in this place.
 B = Non-inter-level travel time spent in this place.
 C = Inter-level travel time spent in this place.
 D = Time resting spent in this place.
 E = Time spent auto-exploring this place.
 F = Levels seen in this place.
 G = Mean time per level.
                   A        B        C        D        E       F      G
               +--------+--------+--------+--------+--------+-----+--------+
         Total |  14197 |  13615 |    582 |   6675 |   4335 |  11 | 1290.6 |
       Dungeon |  14139 |  13564 |    575 |   6675 |   4296 |  10 | 1413.9 |
        Temple |     57 |     50 |      7 |      0 |     39 |   1 |   57.0 |
               +--------+--------+--------+--------+--------+-----+--------+

Top non-repeatable levels by time:
     D:7: 2916 daAuts
     D:6: 2155 daAuts
     D:8: 1698 daAuts
     D:3: 1481 daAuts
     D:4: 1431 daAuts
     D:9: 1114 daAuts
     D:5: 1075 daAuts
     D:1: 1060 daAuts
     D:2: 819 daAuts
    D:10: 387 daAuts
  Temple: 57 daAuts
